 Seeded DCSS version 0.28.0-62-gf88900778d (webtiles) character file.

Game seed: 13690106713218316315 (custom seed)

16 cbfl8 the Poker (level 2, -1/23 HPs)
             Began as a Merfolk Gladiator on July 4, 2023.
             Slain by a quokka (3 damage)
             ... on level 1 of the Dungeon.
             The game lasted 00:00:25 (467 turns).

cbfl8 the Poker (Merfolk Gladiator)                  Turns: 467, Time: 00:00:26

Health: -1/23      AC:  4    Str: 14    XL:     2   Next: 54%
Magic:  2/2        EV: 13    Int:  7    God:
Gold:   19         SH:  0    Dex: 15    Spells: 1/1 levels left

rFire   . . .      SeeInvis .   a - +0 trident
rCold   . . .      Faith    .   (no shield)
rNeg    . . .      Spirit   .   b - +0 leather armour
rPois   .          Reflect  .   c - +0 helmet
rElec   .          Harm     .   (no cloak)
rCorr   .          Rampage  .   (no gloves)
Will    .....                   (no boots)
Stlth   +.........              (no amulet)
HPRegen 0.07/turn               (no ring)
MPRegen 0.08/turn               (no ring)

@: no status effects
A: (nimble swimmer 2), mertail
a: no special abilities


You were on level 1 of the Dungeon.
You visited 1 branch of the dungeon, and saw 1 of its levels.

You collected 19 gold pieces.

Inventory:

Hand Weapons
 a - a +0 trident (weapon)
Missiles
 d - 3 throwing nets (quivered)
Armour
 b - a +0 leather armour (worn)
 c - a +0 helmet (worn)
Scrolls
 e - a scroll of fear {unknown}
 f - a scroll of teleportation {unknown}
Potions
 g - a potion of curing {unknown}


   Skills:
 + Level 2.3 Fighting
 + Level 4.8 Polearms
 + Level 2.0 Throwing
 + Level 4.3 Dodging
 * Level 0.8 Evocations


You had one spell level left.
You didn't know any spells.
Your spell library was empty.

Dungeon Overview and Level Annotations

Branches:
Dungeon (1/15)

Altars:


Innate Abilities, Weirdness & Mutations

((You are very nimble when in or above water. (Stealth+, EV+, Speed+++)))
Your lower body shifts to a powerful aquatic tail in water.


Message History

The jackal barks!
You hit the jackal but do no damage.
You hear a bark!
The jackal bites you but does no damage.
The jackal closely misses you. The jackal bites you.
There are monsters nearby!
You completely miss the jackal.
The jackal bites you but does no damage. x2
The quokka bites you. The jackal bites you.
You hit the jackal.
The jackal is moderately wounded.
The jackal bites you but does no damage.
The quokka misses you. The jackal closely misses you.
The jackal barely misses you. The quokka bites you.
Unknown command.
You closely miss the jackal.
The jackal is moderately wounded.
The quokka bites you. The jackal bites you. The jackal bites you.
The quokka closely misses you. The quokka closely misses you.
You hit the quokka.
The quokka is moderately wounded.
The quokka completely misses you.
You closely miss the quokka.
The quokka is moderately wounded.
The quokka barely misses you. The quokka bites you.
* * * LOW HITPOINT WARNING * * *
You hit the quokka.
The quokka is severely wounded.
The quokka closely misses you.
You barely miss the quokka.
The quokka is heavily wounded.
The quokka bites you.
* * * LOW HITPOINT WARNING * * *
You barely miss the quokka.
The quokka is heavily wounded.
The quokka bites you.
You die...

# #.#.'####'.#.# #.##...#
#.#.#....#.#.# #..#....
#.#.#.##.#.#.# #.###...
#.#.#.##.#.#.#######.>##...
#.#.#....#.#.......#...##..
#.#.+####+.#..####.#...##..
# #........#.....# #.....##
##..+########'.###.#
#.###.#
........hhhr@....#.# #.#
#)# #######g########.#.#
#.# #†# #h..........#.# #.#
#)# #.###########.# #.# #.#
#h# #.. ..# #.# #.# #h#
#.######### #.###.##
#.###........ #.......
#...h.......# #####.##
#.#.........# #.#


You could see a quokka, 3 jackals and a hobgoblin.

Vanquished Creatures
  2 hobgoblins (D:1)
  2 quokkas (D:1)
  3 ball pythons (D:1)
  2 frilled lizards (D:1)
  3 goblins (D:1)
  2 kobolds (D:1)
  A rat (D:1)
15 creatures vanquished.

Notes
Turn   | Place    | Note
-------+----------+-------------------------------------------
     0 | D:1      | cbfl8 the Merfolk Gladiator began the quest for the Orb.
     0 | D:1      | Reached XP level 1. HP: 16/16 MP: 1/1
   140 | D:1      | Reached XP level 2. HP: 22/22 MP: 2/2
   467 | D:1      | Slain by a quokka

Illustrated notes

Levels and vault maps discovered:
D:1:      dpeg_arrival_long_road, layout_basic, minivault_11

Action                   || total
-------------------------++-------
Melee: Trident           ||    47
 Stab: Sleeping          ||     2
Armor: Leather armour    ||    13
Dodge: Dodged            ||    30
